 Dungeon Crawl Stone Soup version 0.28.0-47-ge53b351184 (webtiles) character file.

Game seed: 2313342551728753522

9893 pkoi the Martial Artist (level 11, -18/93 HPs)
             Began as a Demigod Gladiator on Apr 26, 2022.
             Demolished by a large abomination (20 damage)
             ... on level 2 of the Abyss.
             The game lasted 00:22:01 (13774 turns).

pkoi the Martial Artist (Demigod Gladiator)        Turns: 13774, Time: 00:22:02

Health: -18/93     AC: 17    Str: 18    XL:     11   Next: 8%
Magic:  14/14      EV: 12    Int: 24    God:
Gold:   964        SH:  0    Dex: 15    Spells: 10/10 levels left

rFire   + . .      SeeInvis .   s - +8 mace of Kindness {venom, Int+2}
rCold   . . .      Faith    .   (no shield)
rNeg    . . .      Spirit   .   j - +1 plate armour {rF+}
rPois   +          Reflect  .   b - +0 helmet
rElec   .          Harm     .   (no cloak)
rCorr   .          Rampage  .   I - +0 pair of gloves {Str+3}
Will    +....                   (no boots)
Stlth   ..........              e - amulet of regeneration
HPRegen 1.05/turn               d - +4 ring of evasion
MPRegen 0.14/turn               u - ring of poison resistance

@: no status effects
A: high MP 1, forlorn, divine attributes, shaggy fur 1, wild magic 1
a: no special abilities


You were on level 2 of the Abyss.
You visited 1 branch of the dungeon, and saw 9 of its levels.
You visited the Abyss 1 time.
You also visited: Ossuary and Bailey.

You collected 964 gold pieces.

Inventory:

Hand Weapons
 f - a +1 hunting sling
 g - a +0 dagger
 s - the +8 mace of Kindness (weapon) {venom, Int+2}
   (You took it off an orc on level 5 of the Dungeon)

   It poisons the flesh of those it strikes.
   Int:       It affects your intelligence (+2).
Missiles
 c - 6 throwing nets
 k - 236 stones
 p - 31 boomerangs (quivered)
 A - 20 poisoned darts
 E - 8 curare-tipped darts
 H - 4 atropa-tipped darts
Armour
 b - a +0 helmet (worn)
 j - a +1 plate armour of fire resistance (worn)
 I - a +0 pair of gloves of strength (worn)
Jewellery
 d - a +4 ring of evasion (left hand)
 e - an amulet of regeneration (around neck)
 n - a ring of fire
 u - a ring of poison resistance (right hand)
Wands
 h - a wand of mindburst (14)
 w - a wand of digging (8)
 B - a wand of acid (12)
 C - a wand of iceblast (8)
 P - a wand of polymorph (22)
Scrolls
 i - a scroll of fog
 r - a scroll of summoning
 t - 4 scrolls of enchant weapon
 y - 2 scrolls of identify
 D - a scroll of acquirement
 J - a scroll of amnesia
 K - 3 scrolls of enchant armour
 O - 2 scrolls of teleportation
Potions
 a - a potion of invisibility
 o - 4 potions of heal wounds
 q - 3 potions of curing
 v - 2 potions of cancellation
 z - a potion of flight
 F - a potion of brilliance
 N - a potion of magic


   Skills:
 + Level 7.7 Fighting
 - Level 2.4 Throwing
 + Level 7.2 Armour
 + Level 8.0 Dodging
 + Level 8.7 Unarmed Combat
 + Level 5.4 Evocations


You had 10 spell levels left.
You didn't know any spells.
Your spell library contained the following spells:

 Spells                   Type           Power      Damage    Failure   Level
 Call Canine Familiar     Summ           0%         N/A       100%        3
 Portal Projectile        Hex/Tloc       0%         N/A       100%        3
 Leda's Liquefaction      Hex/Erth       0%         N/A       100%        4
 Fireball                 Conj/Fire      0%         3d3       100%        5
 Iskenderun's Battlesphe  Conj           0%         2d6       100%        5
 Conjure Ball Lightning   Conj/Air       0%         3x3d6     100%        6
 Orb of Destruction       Conj           0%         9d5       100%        7


Dungeon Overview and Level Annotations

Branches:
Dungeon (9/15)             Temple (0/1) D:7             Orc (0/2) D:9
Ossuary (visited)          Bailey (visited)
   Lair: D:8-11

Shops:
D:3 *

Annotations:
D:4 2 transporters, falhazar's ghost, amateur DsGl
D:5 3 runed translucent doors, WindUpCitrus's ghost, novice NaFi
D:9 Erolcha


Innate Abilities, Weirdness & Mutations

You have an increased reservoir of magic. (+10% MP)
You shall have no god before yourself.
Your divine heritage dramatically boosts your attributes as you level up.
You are covered in fur. (AC +1)
Your spells are a little harder to cast, but a little more powerful.


Message History

That felt strangely unrewarding.
The demonic crawler is lost in a daze.
The worldbinder calls forth creatures from the Swamp!
The demonic crawler hits you but does no damage. x3
The large abomination closely misses you.
Unknown command.
Unknown command.
You hit the demonic crawler.
The demonic crawler is almost dead.
The demonic crawler closely misses you.
The demonic crawler hits you but does no damage.
The demonic crawler closely misses you. The goliath frog hits you from afar!
* * * LOW HITPOINT WARNING * * *
You are splashed with acid!
* * * LOW HITPOINT WARNING * * *
The large abomination barely misses you.
The demonic crawler is lost in a daze.
Okay, then.
You feel much better. The goliath frog barely misses you.
The demonic crawler shrieks in warning!
The large abomination hits you!!
* * * LOW HITPOINT WARNING * * *
You hear a shout!
As you read the scroll of fear, it crumbles to dust.
You assume a fearsome visage.
The large abomination is unaffected.
The worldbinder is unaffected.
The bog body is unaffected.
The demonic crawler resists with some effort.
The goliath frog looks frightened!
The demonic crawler looks more healthy.
The demonic crawler is lost in a daze.
The large abomination hits you but does no damage.
You hit the demonic crawler but do no damage.
The demonic crawler is almost dead.
A small abomination comes into view.
The demonic crawler shrieks in warning!
The demonic crawler hits you!
* * * LOW HITPOINT WARNING * * *
The demonic crawler hits you.
* * * LOW HITPOINT WARNING * * *
The demonic crawler hits you but does no damage.
The large abomination hits you!!
You die...

#.#.# ..# #.#.#
... ## ##.#.##..
.# ....... .. #
## ..... ###..#
.x. .. .#.# #s#
#### ..##@# # #
.≈X≈## #X##...
≈#.≈ ##. ..xn..
.. ≈
≈F#≈##.#####.#..
. ≈# #≈# .# ..>
k≈x≈ ≈##.# ..#
#nF#≈..... ...
..# . . .# ###.
.≈# ## #


You could see a demonic crawler (dazed, catching breath), a large abomination
(dazed), a worldbinder, a bog body (summoned) and a small abomination.

Vanquished Creatures
  Harold (D:7)
  Pikel (D:5)
  An ugly thing (D:9)
  Joseph (D:9)
  Maggie (D:7)
  Psyche (D:8)
  A hellwing (Abyss:2)
  A troll (D:6)
  Grinder (D:6)
  2 hornets
  3 wyverns
  Grum (D:8)
  9 yaks
  2 small abominations (Abyss:2)
  A swamp drake (D:9)
  A black bear (D:5)
  8 orc warriors
  An ice beast (D:7)
  4 ogres
  2 necrophages (D:6)
  2 wolves (D:8)
  A phantom (D:6)
  A centaur (D:6)
  6 kobold brigands (Bailey)
  5 elf zombies (Ossuary)
  2 bullfrogs
  A gnoll sergeant (D:7)
  A wyvern zombie (D:8)
  2 scorpions (D:5)
  A water moccasin skeleton (D:5)
  4 killer bees (D:9)
  6 howler monkeys
  5 centaur zombies
  A bullfrog zombie (D:5)
  4 hounds
  5 human zombies (Ossuary)
  9 orc priests
  A bullfrog skeleton (D:6)
  2 centaur skeletons (D:6)
  2 jellies
  3 iguanas
  6 orc wizards
  3 mummies (Ossuary)
  2 howler monkey zombies
  11 gnolls
  6 adders
  2 howler monkey skeletons
  2 white imps
  2 adder skeletons
  3 worms
  2 dart slugs
  29 orcs
  7 bats
  11 endoplasms
  3 giant cockroaches
  5 goblins
  5 hobgoblins
  4 quokkas
  2 ball pythons
  4 frilled lizards
  13 kobolds
  4 rats
233 creatures vanquished.

Vanquished Creatures (collateral kills)
  A water moccasin (D:6)
1 creature vanquished.

Vanquished Creatures (others)
  A butterfly (D:5)
1 creature vanquished.

Grand Total: 235 creatures vanquished

Notes
Turn   | Place    | Note
-------+----------+-------------------------------------------
     0 | D:1      | pkoi the Demigod Gladiator began the quest for the Orb.
     0 | D:1      | Reached XP level 1. HP: 17/17 MP: 3/3
   631 | D:1      | Reached XP level 2. HP: 24/24 MP: 4/4
  1524 | D:2      | Reached XP level 3. HP: 24/29 MP: 5/5
  2322 | D:3      | Found Gehesk's Assorted Antiques.
  2553 | D:3      | Reached XP level 4. HP: 12/37 MP: 6/6
  3704 | D:4      | Noticed an ogre
  3736 | D:4      | Killed an ogre
  3737 | D:4      | Reached skill level 1 in Armour
  3737 | D:4      | Reached XP level 5. HP: 27/44 MP: 7/7
  3893 | D:4      | Found a transporter.
  3893 | D:4      | Noticed falhazar's ghost (amateur DsGl)
  3901 | D:4      | Found a transporter.
  4569 | D:5      | Entered Level 5 of the Dungeon
  4583 | D:5      | Gained mutation: You are covered in fur. (AC +1) [potion of
                  | mutation]
  4583 | D:5      | Gained mutation: Your spells are a little harder to cast,
                  | but a little more powerful. [potion of mutation]
  4611 | D:5      | Found a runed translucent gate.
  4753 | D:5      | Found a runed translucent gate.
  4753 | D:5      | Found a runed translucent gate.
  4755 | D:5      | Noticed WindUpCitrus's ghost (novice NaFi)
  4979 | D:5      | Reached XP level 6. HP: 51/51 MP: 8/8
  5347 | D:5      | Identified the +8 mace of Kindness {venom, Int+2}
  5883 | D:5      | Reached skill level 5 in Unarmed Combat
  5883 | D:5      | Reached XP level 7. HP: 50/57 MP: 9/9
  6679 | D:6      | Noticed Grinder
  6692 | D:6      | Killed Grinder
  6817 | D:6      | Identified the +1 leather armour of Resonance {Str-3 Dex+6
                  | Stlth+}
  6970 | D:6      | Noticed Pikel
  7046 | D:5      | Killed Pikel
  7047 | D:5      | Reached skill level 5 in Fighting
  7047 | D:5      | Reached skill level 5 in Dodging
  7047 | D:5      | Reached XP level 8. HP: 44/68 MP: 10/10
  7728 | D:6      | Paralysed by an orc for 5 turns
  7737 | D:5      | Paralysed by an orc for 5 turns
  8114 | D:6      | Noticed a troll
  8142 | D:6      | Killed a troll
  8143 | D:6      | Reached skill level 1 in Evocations
  8523 | D:6      | Reached XP level 9. HP: 72/74 MP: 11/11
  8707 | D:6      | Reached skill level 5 in Armour
  8860 | D:7      | Noticed Harold
  8895 | D:7      | Killed Harold
  9005 | D:7      | Found a staircase to the Ecumenical Temple.
  9077 | D:7      | Noticed Maggie
  9104 | D:7      | Killed Maggie
  9158 | D:7      | Identified a scroll of acquirement
  9197 | D:7      | Found a flagged portal.
  9225 | Bailey   | Entered a bailey
  9442 | Bailey   | Reached XP level 10. HP: 17/84 MP: 13/13
 10405 | D:8      | Noticed Grum
 10438 | D:8      | Noticed Psyche
 10451 | D:8      | Killed Grum
 10524 | D:8      | Killed Psyche
 10557 | D:8      | Found a sand-covered staircase.
 10567 | Ossuary  | Entered an ossuary
 11681 | D:9      | Noticed Joseph
 12157 | D:9      | Reached skill level 5 in Evocations
 12394 | D:9      | Killed Joseph
 12796 | D:9      | Noticed a white ugly thing
 12830 | D:9      | Killed a white ugly thing
 12831 | D:9      | Reached XP level 11. HP: 54/92 MP: 14/14
 13132 | D:9      | Found a staircase to the Orcish Mines.
 13665 | D:9      | Noticed Erolcha
 13680 | D:9      | Cast into level 2 of the Abyss (Erolcha)
 13748 | Abyss:2  | Noticed a goliath frog
 13748 | Abyss:2  | Noticed a bog body
 13764 | Abyss:2  | Noticed a bog body
 13764 | Abyss:2  | Noticed a bog body
 13771 | Abyss:2  | Noticed a bog body
 13771 | Abyss:2  | Noticed a goliath frog
 13774 | Abyss:2  | HP: 2/93 [demonic crawler (6)]
 13774 | Abyss:2  | Demolished by a large abomination

Illustrated notes

Levels and vault maps discovered:
D:1:      heliophobic_arrival_battle_scene, layout_basic
D:2:      layout_loops_ring, chequers_ecumenical_altar_island
D:3:      layout_loops_ring, gammafunk_temple_overflow_forgotten, serial_shops,
          nicolae_shop_crystal, minmay_misc_feat_tiny
D:4:      layout_basic, gammafunk_ghost_arena
D:5:      layout_gridville, nicolae_elyvilon_peaceful_grove,
          gammafunk_ghost_split, minmay_misc_feat_four_crosses
D:6:      wad_river_or_something, layout_layer_cave,
          mainiacjoe_overflow_big_doors, uniq_grinder, uniq_pikel
D:7:      layout_loops_cross, minmay_temple_entry_from_below_a, enter_bailey_4,
          uniq_harold, uniq_maggie
D:8:      layout_basic, enter_ossuary_1, uniq_psyche, uniq_grum
D:9:      layout_basic, erik_orc_1, uniq_erolcha, uniq_joseph
Abyss:2:  base: D:8, bh_silent_lugonu_exit

Skill      XL: |  1  2  3  4  5  6  7  8  9 10 11 |
---------------+----------------------------------+-----
Fighting       | 2 3 5 6 7 |  7.7
Throwing       | 2 |  2.4
Unarmed Combat | 3 4 5 6 7 8 |  8.7
Dodging        | 3 4 5 6 7 8 |  8.0
Armour         | 1 2 4 6 7 |  7.2
Evocations     | 1 3 5 |  5.4

Action                   |  1- 3 |  4- 6 |  7- 9 | 10-12 || total
-------------------------+-------+-------+-------+-------++-------
Melee: Unarmed           |   172 |   114 |    44 |     5 ||   335
       Punch             |     3 |     9 |    12 |    15 ||    39
       Mace              |       |       |   230 |   412 ||   642
 Fire: Hunting sling     |    55 |    94 |       |       ||   149
Throw: Boomerang         |       |       |    17 |     4 ||    21
Evoke: Wand              |       |       |     1 |       ||     1
  Use: Potion            |     3 |     1 |       |     1 ||     5
       Scroll            |     4 |     4 |     9 |     7 ||    24
 Stab: Sleeping          |     2 |       |       |       ||     2
       Paralysed         |       |       |     2 |       ||     2
Armor: Leather armour    |    27 |       |       |       ||    27
       Ring mail         |     8 |       |       |       ||     8
       Plate armour      |    15 |    64 |   215 |   242 ||   536
       Skin              |       |       |       |     2 ||     2
Dodge: Dodged            |   119 |    70 |   214 |   282 ||   685
